woodfighter, neutral female human Wizard --- --.-- ---...---. ---.......... ..| --....---...... ...| |....-- --..<.- .s@| |....| -...| ."%-- ---.-| ... ..%.----- |..- .......---...| ............ .--....... |...... --. woodfighter the Thaumaturge Experience level: 7 Strength: 9 Dexterity: 12 Constitution: 14 Intelligence: 14 Wisdom: 17 Charisma: 9 Health: 0(48) Energy: 31(73) Def: 2 Gold: 295 Moves: 3083 Dungeon seed: qq2t4H-cA00C76NZ Game ID: woodfighter_1448314122 Your Inventory: Coins $ - 295 gold pieces Amulets i - an uncursed amulet versus poison (being worn) Weapons a - a blessed +1 quarterstaff (weapon in hands) Armor e - an uncursed +0 cloak of magic resistance (being worn) n - an uncursed +0 orcish helm (being worn) q - an uncursed +0 dwarvish cloak E - a blessed +0 dwarvish cloak G - an uncursed +0 dwarvish cloak Q - a blessed +1 dwarvish cloak S - an uncursed +0 dwarvish cloak Y - an uncursed +0 dwarvish cloak Comestibles g - an uncursed tripe ration z - 6 uncursed fortune cookies B - an uncursed cream pie X - an uncursed lembas wafer Scrolls p - an uncursed scroll of remove curse u - 2 uncursed scrolls of identify w - an uncursed scroll of gold detection x - an uncursed scroll of earth D - a cursed scroll of teleportation J - an uncursed scroll of scare monster P - an uncursed scroll of teleportation W - an uncursed scroll of enchant armor Spellbooks b - a blessed spellbook of force bolt c - an uncursed spellbook of confuse monster k - an uncursed spellbook of fireball m - an uncursed spellbook of magic missile Potions f - a blessed potion of blindness r - a blessed potion of fruit juice H - an uncursed potion of object detection I - an uncursed potion of extra healing L - an uncursed potion of enlightenment R - an uncursed potion of healing V - an uncursed potion of sleeping Rings C - an uncursed ring of free action Wands d - a wand of nothing (0:8) F - a wand of create monster (0:13) Tools h - an uncursed partly used wax candle (lit) (0:227) l - an uncursed towel s - an uncursed sack K - 3 uncursed tallow candles (0:200) T - 7 uncursed wax candles (0:400) U - an uncursed blindfold Gems o - an uncursed worthless piece of orange glass v - an uncursed sapphire y - an uncursed worthless piece of green glass N - 3 uncursed worthless pieces of black glass O - an uncursed worthless piece of violet glass Contents of the sack: an uncursed food ration Spells and supernatural/magical abilities: Name Level Category Fail Memory a - force bolt 1 attack 8% 85% u - confuse monster 2 enchantment 8% 85% W - pray for help -- divine ? -- Your skills at the end: Miscellaneous Skills wands [Basic] Weapon Skills quarterstaff [Basic] Spellcasting Skills attack spells [Basic] enchantment spells [Basic] Final Attributes: You were devoutly aligned. You were poison resistant. You were magic-protected. You were telepathic. You are dead. Vanquished creatures: a leprechaun a gnome king a dwarf lord a wood nymph a shrieker 5 gnome lords a kobold mummy a guardian naga hatchling 2 floating eyes 2 kittens 7 dwarves 7 hill orcs 2 rothes a rabid rat a centipede a giant bat an orc zombie 3 hobbits 3 large kobolds 2 geckos a yellow mold a green mold 2 red molds 22 gnomes a gnome zombie 4 jackals 2 foxes a kobold 6 newts 3 goblins 2 sewer rats 9 grid bugs a bat 6 lichens 3 kobold zombies 108 creatures vanquished. Voluntary challenges: You had been an atheist until turn 3074. You used a wielded weapon 41 times, starting on turn 2. You did not apply a unicorn horn. You were illiterate. You never genocided any monsters. You never polymorphed an object. You never changed form. You used no wishes. You never split a pudding. You never wrote Elbereth's name. You never violated your personal moral code. Dungeon overview: The Dungeons of Doom: levels 1 to 5 Level 1 (locked box) a fountain, a sink a long staircase Level 2 a delicatessen Level 3 a fountain Level 4 a fountain stairs to The Gnomish Mines Level 5 The Gnomish Mines: levels 5 to 7 Level 5 stairs to The Dungeons of Doom Level 6 Level 7 <- You were here History has recorded: On T:1 you entered the Dungeons of Doom to retrieve the Amulet of Yendor! On T:131 you reached level 2 of The Dungeons of Doom. On T:440 you advanced to experience level 2. On T:534 you reached level 3 of The Dungeons of Doom. On T:709 you advanced to experience level 3. On T:1027 you advanced to experience level 4. On T:1177 you reached level 4 of The Dungeons of Doom. On T:1541 you reached level 1 of The Gnomish Mines. On T:1745 you advanced to experience level 5. On T:1775 you reached level 5 of The Dungeons of Doom. On T:2004 you reached level 2 of The Gnomish Mines. On T:2150 you advanced to experience level 6. On T:2928 you reached level 3 of The Gnomish Mines. On T:3079 you advanced to experience level 7. Score breakdown: Gold: 295 ( 29 points) Experience: 7 levels ( 600 points) Exploration: 7 levels ( 180 points) Discoveries: 1 item ( 50 points) Variety of kills: 35 monsters ( 1750 points) Major goal: (nothing yet) ( 0 points) Survival: died (score multiplied by 3) Total score: 7827 Latest messages: The gnome just misses! The giant spider bites! The spell misses the giant spider. The giant spider bites! You die... Final status: Goodbye woodfighter the Wizard, killed by a giant spider... You died in The Gnomish Mines on dungeon level 7 with 7827 points, and 295 pieces of gold, after 3083 moves. You were level 7 with a maximum of 48 hit points when you died.